 Dungeon Crawl Stone Soup version 0.31.0-12-g77e489cdc1 (webtiles) character file.

Game seed: 3324761099253467023

221 Gadfly the Shooter (level 6, 0/37 HPs)
             Began as a Kobold Hunter on Feb 14, 2024.
             Slain by occam's ghost (9 damage)
             ... on level 3 of the Dungeon.
             The game lasted 00:02:35 (2624 turns).

Gadfly the Shooter (Kobold Hunter)                  Turns: 2624, Time: 00:02:35

Health: 0/37       AC:  5    Str:  8    XL:     6   Next: 18%
Magic:  8/8        EV: 15    Int: 10    God:
Gold:   90         SH:  5    Dex: 21    Spells: 5/5 levels left

rFire   . . .        a - +0 shortbow
rCold   . . .        (shield currently unavailable)
rNeg    . . .        c - +0 leather armour
rPois   .            j - +0 hat
rElec   .            (no cloak)
rCorr   .            f - +1 pair of gloves
SInv    .            (no boots)
Will    .....        g - amulet of reflection
Stlth   +++          (no ring)
HPRegen 0.26/turn    (no ring)
MPRegen 0.11/turn

%: reflection
@: no status effects
A: small, no large weapons, nightstalker 3
a: no special abilities


You were on level 3 of the Dungeon.
You visited 1 branch of the dungeon, and saw 3 of its levels.

You collected 90 gold pieces.

Inventory:

Hand Weapons
 a - a +0 shortbow (weapon)
 m - a +0 dagger of protection
Armour
 c - a +0 leather armour (worn)
 f - a +1 pair of gloves (worn)
 j - a +0 hat (worn)
Jewellery
 g - an amulet of reflection (around neck)
Scrolls
 b - a scroll of butterflies
 d - a scroll of revelation
 e - a scroll of immolation
 k - 2 scrolls of fog
 n - a scroll of enchant weapon {unknown}
 o - a scroll of torment {unknown}
Potions
 h - a potion of berserk rage {unknown}
 i - 2 potions of heal wounds
 l - a potion of cancellation {unknown}


   Skills:
 + Level 3.1 Fighting
 + Level 6.2 Ranged Weapons
 + Level 3.5 Dodging
 - Level 1.3 Stealth
 * Level 2.8 Invocations
 * Level 3.2 Evocations


You had 5 spell levels left.
You didn't know any spells.
Your spell library contained the following spells:

 Spells                   Type           Power      Damage    Failure   Level
 Freeze                   Ice            0%         1d3       50%         1
 Frozen Ramparts          Ice            0%         1d1       86%         3
 Hailstorm                Conj/Ice       0%         3d5       86%         3


Dungeon Overview and Level Annotations

Branches:
Dungeon (3/15)

Altars:
Elyvilon

Annotations:
D:3 occam's ghost, amateur DsFi


Innate Abilities, Weirdness & Mutations

You are small and have problems with some larger weapons.
You are completely attuned to the shadows.


Message History

You are too injured to fight recklessly!
You are too injured to fight recklessly!
You are too injured to fight recklessly!
You are too injured to fight recklessly!
You are too injured to fight recklessly!
You are too injured to fight recklessly!
You are too injured to fight recklessly!
You are too injured to fight recklessly!
You are too injured to fight recklessly!
You are too injured to fight recklessly!
You are too injured to fight recklessly!
You are too injured to fight recklessly!
You are too injured to fight recklessly!
You are too injured to fight recklessly!
You are too injured to fight recklessly!
You shoot an arrow.
The arrow hits occam's ghost but does no damage.
Occam's ghost is severely damaged.
Occam's ghost hits you.
* * * LOW HITPOINT WARNING * * *
You shoot an arrow. The arrow barely misses occam's ghost.
Occam's ghost misses you.
You shoot an arrow. The arrow hits occam's ghost.
Occam's ghost is almost destroyed.
Occam's ghost hits you.
* * * LOW HITPOINT WARNING * * *
Okay, then.
You shoot an arrow.
The arrow hits occam's ghost but does no damage.
Occam's ghost is almost destroyed.
Occam's ghost hits you but does no damage.
You shoot an arrow.
The arrow hits occam's ghost but does no damage.
Occam's ghost is almost destroyed.
Occam's ghost closely misses you.
You shoot an arrow.
The arrow hits occam's ghost but does no damage.
Occam's ghost is almost destroyed.
Occam's ghost hits you!
You die...

#.# #.##.......# #.# ##........
#.# #.##.......# #.# ##...).##
#.#
#.##.....#####.######....###
#.####.##...............##.####
#............#####.........#
######.#####.# ##...###...##
#.# #.###...##⌠##...## #.#
#......##...##...##### #.#
#..#.@##..!..##....... #.#
#.....W...♣..⌠#..#####
#.#####.#...##..?..##..#
#............##...##...#
#########.....##⌠##...##
####...###...## ## ##........#
####. #........# #....
#..#####.# #.###


You could see occam's ghost.

Vanquished Creatures
  Sigmund (D:3)
  An orc wizard (D:3)
  2 orcs (D:3)
  6 endoplasms
  2 goblins
  4 hobgoblins
  7 jackals
  2 kobolds
  A quokka (D:2)
  5 ball pythons
  4 bats
  2 frilled lizards
  3 rats
40 creatures vanquished.

Notes
Turn   | Place    | Note
-------+----------+-------------------------------------------
     0 | D:1      | Gadfly the Kobold Hunter began the quest for the Orb.
     0 | D:1      | Reached XP level 1. HP: 12/12 MP: 1/1
   203 | D:1      | Reached XP level 2. HP: 17/17 MP: 2/2
   511 | D:1      | Reached skill level 1 in Evocations
   885 | D:2      | Reached skill level 1 in Invocations
  1136 | D:2      | Reached XP level 3. HP: 22/22 MP: 3/3
  1233 | D:2      | Found a faded altar of an unknown god.
  1891 | D:3      | Found a runed translucent door.
  1891 | D:3      | Noticed occam's ghost (amateur DsFi)
  1950 | D:3      | Noticed Sigmund
  1955 | D:3      | Killed Sigmund
  1956 | D:3      | Reached skill level 6 in Ranged Weapons
  1956 | D:3      | Reached XP level 4. HP: 20/28 MP: 3/5
  1956 | D:3      | Reached XP level 5. HP: 23/32 MP: 3/6
  2012 | D:3      | Reached XP level 6. HP: 35/37 MP: 6/8
  2342 | D:3      | Found a white marble altar of Elyvilon.
  2624 | D:3      | Slain by occam's ghost

Illustrated notes

Levels and vault maps discovered:
D:1:      shiori_shiawase, layout_loops_ring, minmay_misc_feat_room
D:2:      layout_basic, shapermc_ecumenical_altar_gd
D:3:      layout_loops_ring, mainiacjoe_overflow_small_starburst,
          hellmonk_ghost_happy_afterlife, serial_glass, glass_columns_a,
          glass_columns_b, st_stairs_13, item_on_display_a, uniq_sigmund

Skill      XL: |  1  2  3 |
---------------+----------+-----
Evocations     | 1 3 |  3.2
Invocations    | 1 2 |  2.8
Fighting       | 3 |  3.1
Ranged Weapons | 6 |  6.2
Dodging        | 3 |  3.5
Stealth        | |  1.3

Action                     |  1- 3 |  4- 6 || total
---------------------------+-------+-------++-------
   Fire: Shortbow          |    76 |    42 ||   118
    Use: Scroll            |     7 |       ||     7
 Armour: Leather armour    |    17 |    10 ||    27
  Dodge: Dodged            |    43 |    26 ||    69
  Block: Other             |       |     6 ||     6
